 Dungeon Crawl Stone Soup version 0.23.0-2-g0fe3ce5 (console) character file.

Game seed: 17539360776185643740

137 bli the Skirmisher (level 5, 0/42 HPs)
             Began as a Formicid Abyssal Knight on Feb 19, 2019.
             Was a Believer of Lugonu.
             Succumbed to Crazy Yiuf's poison
             ... on level 2 of the Dungeon.
             The game lasted 00:05:23 (1472 turns).

bli the Skirmisher (Formicid Abyssal Knight)        Turns: 1472, Time: 00:05:24

Health: 0/42       AC:  3    Str: 17    XL:     5   Next: 43%
Magic:  6/6        EV: 11    Int: 11    God:    Lugonu [**....]
Gold:   213        SH:  3    Dex: 11    Spells: 4/4 levels left

rFire    . . .     SeeInvis +   a - +2 whip (elec)
rCold    . . .     Gourm    .   (no shield)
rNeg     . . .     Faith    .   b - +0 leather armour
rPois    .         Spirit   .   (helmet unavailable)
rElec    .         Reflect  +   (no cloak)
rCorr    .         Harm     .   (no gloves)
MR       .....                  (no boots)
Stlth    +.........             e - +3 amulet of reflection
HPRegen  0.14/turn              (no ring)
MPRegen  0.10/turn              (no ring)

@: lethally poisoned (0 -> -7), very slightly contaminated, lightly drained,
invisible
A: permanent stasis, dig shafts and tunnels, four strong arms, antennae 3
a: Dig, Shaft Self, Depart the Abyss, Bend Space, Renounce Religion


You were on level 2 of the Dungeon.
You worshipped Lugonu.
Lugonu was pleased with you.
You were not hungry.

You visited 1 branch of the dungeon, and saw 2 of its levels.
You visited the Abyss 1 time.

You collected 213 gold pieces.

Inventory:

Hand Weapons
 a - a +2 whip of electrocution (weapon)
 f - a +1 hand axe
 h - a +3 quarterstaff of chaos
 m - a +0 hunting sling
Missiles
 i - 90 stones (quivered)
 n - 50 sling bullets
 q - 2 needles of paralysis
Armour
 b - a +0 leather armour (worn)
 j - a +0 ring mail
 s - a +1 cloak of poison resistance
Jewellery
 e - a +3 amulet of reflection (around neck)
Scrolls
 g - a scroll of blinking {unknown}
 k - 3 scrolls of enchant weapon {unknown}
 l - a scroll of remove curse {unknown}
 o - 2 scrolls of identify {unknown}
 p - a scroll of teleportation {unknown}
Potions
 r - a potion of ambrosia {unknown}
Miscellaneous
 d - a fan of gales
Comestibles
 c - a ration


   Skills:
 + Level 3.8(3.7) Fighting
 - Level 2.0(3.0) Axes
 * Level 3.8(3.9) Maces & Flails
 + Level 2.9(2.8) Armour
 - Level 1.0(0.9) Dodging
 - Level 2.1(2.0) Invocations


You had 4 spell levels left.
You didn't know any spells.
Your spell library was empty.

Dungeon Overview and Level Annotations

Branches:
Dungeon (2/15)

Altars:


Innate Abilities, Weirdness & Mutations

You cannot be hasted, slowed, berserked, paralysed or teleported.
You can dig through walls and to a lower floor.
Your four strong arms can wield two-handed weapons with a shield.
You have a pair of large antennae on your head. (SInv)


Message History

* * * LOW HITPOINT WARNING * * *
You feel sick. Crazy Yiuf closely misses you.
You hit Crazy Yiuf but do no damage. Lightning courses through Crazy Yiuf!!
You kill Crazy Yiuf!
Lugonu accepts your kill.
* * * LOW HITPOINT WARNING * * *
You feel sick.
There is an open translucent door, spattered with blood here.
Things that are here:
a +3 quarterstaff of chaos; a +1 cloak of poison resistance; the gnoll corpse of Crazy Yiuf
h - a +3 quarterstaff of chaos;
s - a +1 cloak of poison resistance
* * * LOW HITPOINT WARNING * * *
You feel sick.
You butcher the gnoll corpse of Crazy Yiuf.
* * * LOW HITPOINT WARNING * * *
You feel sick.
There is an open translucent door, spattered with blood here.
Things that are here:
2 chunks of flesh; the gnoll skeleton of Crazy Yiuf You die...

#.# #.#############
#.............#
.......######.#
#...###.## #.#
#..## ##.######
...# #...# .#.##
##.#.# #####
....###.##.# #..)#
.........#.# #...#
.#.#..##.#.# #.@.#
...#....#..# ##%##
......##.### ##.#
.###.###.# #.##
.##...##.# ##.#
.##......# #.##
.##<..#..# ##.##
.........### #..P##
...........# #P.PP#
.........### ##..##
.........#####....#


There were no monsters in sight!

Vanquished Creatures
  Crazy Yiuf (D:2)
  5 adders (D:2)
  An ooze (D:2)
  A worm (D:2)
  A leopard gecko (D:1)
  A giant cockroach (D:2)
  9 goblins
  7 hobgoblins
  7 jackals
  5 kobolds
  A quokka (D:2)
  A ball python (D:2)
  4 bats (D:1)
  6 frilled lizards
  3 rats
53 creatures vanquished.

Notes
Turn   | Place    | Note
-------+----------+-------------------------------------------
     0 | Abyss:1  | bli the Formicid Abyssal Knight began the quest for the
                  | Orb.
     0 | Abyss:1  | Reached XP level 1. HP: 18/18 MP: 2/2
    81 | Abyss:2  | Noticed a white very ugly thing
    82 | D:1      | Escaped the Abyss
   156 | D:1      | Reached XP level 2. HP: 24/24 MP: 3/3
   207 | D:1      | Reached * piety under Lugonu
   213 | D:1      | Reached skill level 1 in Maces & Flails
   328 | D:1      | Reached XP level 3. HP: 18/29 MP: 4/4
   702 | D:1      | Reached skill level 1 in Dodging
   853 | D:2      | Reached XP level 4. HP: 36/36 MP: 5/5
  1101 | D:2      | Reached ** piety under Lugonu
  1153 | D:2      | Reached XP level 5. HP: 22/42 MP: 6/6
  1447 | D:2      | Found a runed translucent door.
  1448 | D:2      | Noticed Crazy Yiuf
  1468 | D:2      | Killed Crazy Yiuf
  1468 | D:2      | HP: 2/42 [poisoned by Crazy Yiuf]
  1472 | D:2      | Succumbed to Crazy Yiuf's poison

Skill      XL: |  1  2  3  4 |
---------------+-------------+-----
Maces & Flails | 1 2 3 |  3.8
Dodging        | 1 |  1.0
Fighting       | |  3.8
Axes           | |  2.0
Armour         | |  2.9
Invocations    | |  2.1

Action                   |  1- 3 |  4- 6 || total
-------------------------+-------+-------++-------
Melee: Whip              |    75 |    81 ||   156
Throw: Stone             |       |     1 ||     1
Invok: Depart the Abyss  |     1 |       ||     1
 Abil: Dig               |       |     1 ||     1
  Eat: Chunk             |       |     2 ||     2
Armor: Leather armour    |    27 |    12 ||    39
Dodge: Dodged            |    54 |    40 ||    94
Block: Other             |    10 |     5 ||    15
